 Dungeon Crawl Stone Soup version 0.18.1-8-gdd0e5ea (webtiles) character file.

38 Scarto the Skirmisher (level 3, 0/29 HPs)
             Began as a Demonspawn Berserker on May 25, 2016.
             Was a Follower of Trog.
             Slain by an adder (2 damage)
             ... on level 2 of the Dungeon.
             The game lasted 00:01:59 (1346 turns).

Scarto the Skirmisher (Demonspawn Berserker)        Turns: 1346, Time: 00:02:00

Health: 0/29       AC:  2    Str: 18    XL:     3   Next: 25%
Magic:  3/3        EV: 12    Int:  8    God:    Trog [*.....]
Gold:   19         SH:  0    Dex: 12    Spells: 0 memorised, 2 levels left

rFire  . . .     SeeInvis .     a - +0 hand axe
rCold  . . .     Gourm    .     b - +0 animal skin
rNeg   . . .     Faith    .     (no shield)
rPois  .         Spirit   .     (helmet restricted)
rElec  .         Dismiss  .     (no cloak)
rCorr  .         Reflect  .     (no gloves)
SustAt .         Harm     .     (no boots)
MR     ++...                    (no amulet)
Stlth  +.........               (no ring)
                                (no ring)

@: lethally poisoned (0 -> 0), regenerating, very resistant to hostile
enchantments, very unstealthy
A: horns 2
a: Berserk, Burn Spellbooks, Renounce Religion


You were on level 2 of the Dungeon.
You worshipped Trog.
Trog was aware of your devotion.
You were not hungry.

You visited 1 branch of the dungeon, and saw 2 of its levels.

You collected 19 gold pieces.

Inventory:

Hand Weapons
 a - a +0 hand axe (weapon)
Missiles
 g - 6 silver javelins (quivered)
Armour
 b - a +0 animal skin (worn)
 l - a +0 chain mail
Jewellery
 f - an uncursed amulet of faith {unknown}
Scrolls
 c - a scroll of noise {unknown}
 e - a scroll of teleportation {unknown}
 k - a scroll of remove curse {unknown}
Potions
 h - 2 potions of curing {unknown}
 i - a potion of heal wounds {unknown}
Comestibles
 d - a beef jerky
 j - a meat ration


   Skills:
 + Level 3.3 Fighting
 + Level 3.2 Axes
 + Level 2.1 Armour
 + Level 2.1 Dodging


You had 2 spell levels left.
You didn't know any spells.

Dungeon Overview and Level Annotations

Branches:
Dungeon (2/15)

Altars:


Innate Abilities, Weirdness & Mutations

You have a pair of horns on your head.


Message History

You closely miss the goblin.
The goblin is moderately wounded.
The goblin barely misses you.
You closely miss the goblin.
The goblin is moderately wounded.
The goblin hits you.
* * * LOW HITPOINT WARNING * * *
You closely miss the goblin. Your headbutt misses the goblin.
The goblin is moderately wounded.
You closely miss the adder. The adder bites you.
* * * LOW HITPOINT WARNING * * *
You are poisoned.
The adder poisons you! The goblin hits you.
* * * LOW HITPOINT WARNING * * *
Your skin crawls.
You feel resistant to hostile enchantments.
You feel slightly more hungry.
You can no longer call upon Trog for regeneration and protection from hostile enchantments.
You feel sick. The adder bites you.
You die...

#..÷..8.....#
#..<.....>..# #.
#...÷.8.....# ...
#...........# #.#.
##..8...8..## #.!.#
##.......### #.....
#####.##..# #......
.........####S......
.###...(...(@g......
####.#######.....
#.# ..# #(# # #.#
..# ..# ...


You could see an adder and a goblin.

Vanquished Creatures
  An adder (D:2)
  2 dart slugs
  2 ball pythons (D:1)
  3 giant cockroaches (D:1)
  4 hobgoblins (D:1)
  2 jackals (D:1)
  4 bats (D:1)
  A giant newt (D:1)
  A goblin (D:1)
  A kobold (D:1)
  4 rats
25 creatures vanquished.

Notes
Turn   | Place    | Note
--------------------------------------------------------------
     0 | D:1      | Scarto the Demonspawn Berserker began the quest for the Orb.
     0 | D:1      | Reached XP level 1. HP: 18/18 MP: 1/1
   145 | D:1      | Gained mutation: You have a pair of small horns on your head. [demonic ancestry]
   145 | D:1      | Reached XP level 2. HP: 11/24 MP: 2/2
   955 | D:1      | Reached ** piety under Trog
  1065 | D:2      | Gained mutation: You have a pair of horns on your head. [demonic ancestry]
  1065 | D:2      | Reached XP level 3. HP: 29/29 MP: 3/3
  1345 | D:2      | HP: 1/29 [goblin (4)]
  1346 | D:2      | Slain by an adder

Skill      XL: |  1  2 |
---------------+-------+-----
Axes           | 3 |  3.2
Dodging        | 2 |  2.1
Armour         | 2 |  2.1
Fighting       | |  3.3

Action                   || total
-------------------------++-------
Melee: Hand axe          ||    88
       Headbutt          ||    10
Invok: Berserk           ||     1
       Trog's Hand       ||     1
 Stab: Sleeping          ||     1
  Eat: Bread ration      ||     1
Armor: Animal skin       ||    26
Dodge: Dodged            ||    60
